 Dungeon Crawl Stone Soup version 0.29-a0-472-ge5599a681e (webtiles) character file.

Game seed: 11712680414529940966

50 Akwitt the Sneak (level 3, -3/29 HPs)
             Began as a Demonspawn Brigand on May 22, 2022.
             Slain by a worm (7 damage)
             ... on level 3 of the Dungeon.
             The game lasted 00:01:40 (2097 turns).

Akwitt the Sneak (Demonspawn Brigand)               Turns: 2097, Time: 00:01:40

Health: -3/29      AC:  5    Str: 11    XL:     3   Next: 55%
Magic:  3/3        EV: 11    Int: 14    God:
Gold:   126        SH:  0    Dex: 14    Spells: 2/2 levels left

rFire   . . .      SeeInvis .   a - +2 dagger
rCold   . . .      Faith    .   (no shield)
rNeg    . . .      Spirit   .   b - +0 robe
rPois   .          Reflect  .   (no helmet)
rElec   .          Harm     .   c - +0 cloak
rCorr   .          Rampage  .   (no gloves)
Will    +....                   (no boots)
Stlth   +++.......              (no amulet)
HPRegen 0.09/turn               r - ring of willpower
MPRegen 0.08/turn               (no ring)

@: no status effects
A: slimy green scales 1, powered by death 1
a: no special abilities


You were on level 3 of the Dungeon.
You visited 1 branch of the dungeon, and saw 3 of its levels.

You collected 126 gold pieces.

Inventory:

Hand Weapons
 a - a +2 dagger (weapon)
Missiles
 d - 15 poisoned darts (quivered)
 e - 3 curare-tipped darts {!f}
Armour
 b - a +0 robe (worn)
 c - a +0 cloak (worn)
Jewellery
 r - a ring of willpower (left hand)
   (You found it on level 3 of the Dungeon)
Scrolls
 f - a scroll of silence {unknown}
 g - 3 scrolls of teleportation {unknown}
 k - 2 scrolls of noise {unknown}
 n - 3 scrolls of identify {unknown}
 q - a scroll of vulnerability {unknown}
 s - a scroll of summoning {unknown}
Potions
 h - 2 potions of haste {unknown}
 i - a potion of ambrosia {unknown}
 j - 2 potions of might {unknown}
 l - 3 potions of curing {unknown}
 m - a potion of brilliance {unknown}
 o - a potion of flight {unknown}
 p - a potion of lignification {unknown}


   Skills:
 + Level 3.6 Fighting
 - Level 1.7 Short Blades
 - Level 1.7 Throwing
 - Level 0.8 Dodging
 - Level 4.0 Stealth


You had 2 spell levels left.
You didn't know any spells.
Your spell library contained the following spells:

 Spells                   Type           Power      Damage    Failure   Level
 Foxfire                  Conj/Fire      0%         2x1d4     28%         1
 Conjure Flame            Conj/Fire      0%         6-21      65%         3
 Gell's Gravitas          Tloc           0%         N/A       65%         3
 Inner Flame              Hex/Fire       0%         N/A       65%         3
 Lesser Beckoning         Tloc           0%         N/A       65%         3
 Teleport Other           Tloc           0%         N/A       65%         3
 Flame Wave               Conj/Fire      0%         2d4       96%         4


Dungeon Overview and Level Annotations

Branches:
Dungeon (3/15)

Altars:


Innate Abilities, Weirdness & Mutations

You are partially covered in slimy green scales. (AC +2)
You regenerate a little health from kills.


Message History

s - a scroll labelled QOHULINTAS
Found a scroll labelled JORISTO INITTIO.
n - 3 scrolls labelled JORISTO INITTIO (gained 1)
A worm comes into view.
A worm is nearby!
You hit the worm but do no damage. You hit the worm. The worm bites you.
You hit the worm. The worm bites you!
You are too injured to fight recklessly!
You are too injured to fight recklessly!
You are too injured to fight recklessly!
You are too injured to fight recklessly!
You are too injured to fight recklessly!
You are too injured to fight recklessly!
You are too injured to fight recklessly!
You are too injured to fight recklessly!
You are too injured to fight recklessly!
You are too injured to fight recklessly!
You are too injured to fight recklessly!
You are too injured to fight recklessly!
You are too injured to fight recklessly!
You are too injured to fight recklessly!
You are too injured to fight recklessly!
You are too injured to fight recklessly!
You are too injured to fight recklessly!
Unknown command.
You hit the worm but do no damage. You barely miss the worm.
The worm bites you but does no damage.
Unknown command.
You hit the worm but do no damage. You hit the worm.
The worm bites you but does no damage.
You hit the worm. The worm bites you but does no damage.
Unknown command.
You hit the worm. You hit the worm but do no damage. The worm bites you.
You hit the worm.
Unknown command.
You barely miss the worm. The worm bites you.
* * * LOW HITPOINT WARNING * * *
You hit the worm. The worm misses you.
You hit the worm.
Unknown command.
You hit the worm. The worm bites you.
* * * LOW HITPOINT WARNING * * *
You barely miss the worm. You barely miss the worm. The worm bites you.
* * * LOW HITPOINT WARNING * * *
You barely miss the worm. You barely miss the worm. You punch the worm.
The worm bites you!
You die...

#. #. #. #. #
#.
#.##.########
###...........#
......w@......#
######....##..#
####.# #.#
##############
#.#
.............#
#.#
#......#####.#
#.# #.####.#
#.#####.# #..#
#.# #.......#


You could see a worm.

Vanquished Creatures
  An adder (D:2)
  A worm (D:2)
  2 dart slugs (D:1)
  3 orcs (D:3)
  2 ball pythons
  3 endoplasms
  2 goblins (D:2)
  A hobgoblin (D:2)
  3 kobolds (D:1)
  2 quokkas (D:2)
  5 bats
  A frilled lizard (D:1)
  4 rats (D:1)
30 creatures vanquished.

Notes
Turn   | Place    | Note
-------+----------+-------------------------------------------
     0 | D:1      | Akwitt the Demonspawn Brigand began the quest for the Orb.
     0 | D:1      | Reached XP level 1. HP: 16/16 MP: 1/1
   233 | D:1      | Reached skill level 4 in Stealth
   544 | D:1      | Gained mutation: You regenerate a little health from kills.
                  | [demonic ancestry]
   544 | D:1      | Reached XP level 2. HP: 18/22 MP: 2/2
  1175 | D:2      | Gained mutation: You are partially covered in slimy green
                  | scales. (AC +2) [demonic ancestry]
  1175 | D:2      | Reached XP level 3. HP: 6/29 MP: 3/3
  2097 | D:3      | Slain by a worm

Illustrated notes

Levels and vault maps discovered:
D:1:      beargit_arrival_diablo_church, layout_basic, minmay_tetromino_i2
D:2:      layout_rooms
D:3:      cheibrodos_old_hovel, layout_loops_ring

Skill      XL: |  1  2 |
---------------+-------+-----
Stealth        | 4 |  4.0
Fighting       | 3 |  3.6
Short Blades   | |  1.7
Throwing       | |  1.7
Dodging        | |  0.8

Action                   || total
-------------------------++-------
Melee: Dagger            ||   122
       Punch             ||     2
 Stab: Sleeping          ||    12
Armor: Robe              ||    16
Dodge: Dodged            ||    35

Table legend: (Time is in decaauts)
 A = Elapsed time spent in this place.
 B = Non-inter-level travel time spent in this place.
 C = Inter-level travel time spent in this place.
 D = Time resting spent in this place.
 E = Time spent auto-exploring this place.
 F = Levels seen in this place.
 G = Mean time per level.
                   A        B        C        D        E       F      G
               +--------+--------+--------+--------+--------+-----+--------+
         Total |   2086 |   2037 |     49 |    268 |   1451 |   3 |  695.3 |
       Dungeon |   2086 |   2037 |     49 |    268 |   1451 |   3 |  695.3 |
               +--------+--------+--------+--------+--------+-----+--------+

Top non-repeatable levels by time:
     D:1: 1033 daAuts
     D:2: 912 daAuts
     D:3: 140 daAuts
